Devils vs Rangers

Created - November-12-12 at 18:23

Goals
1 2 3 T
Devils 0 0 0 0
Rangers 1 0 0 1
Shots
1 2 3 T
Devils 2 2 7 11
Rangers 9 6 9 24

1st period

1. Rangers , Mike Weaver 2 (Tyler Ennis, Francois Beauchemin) at 4:52 (PP)

Penalties :
Lubomir Visnovsky (NJD) for Holding (Minor) at 3:25, Matt DAgostini (NJD) for High sticking (Minor) at 7:17, Radim Vrbata (NYR) for Slashing (Minor) at 10:59, Chris Kunitz (NYR) for Roughing (Minor) at 14:26, Brad Stuart (NJD) for Slashing (Minor) at 18:45

2nd period

No Goal

Penalties :
Chris Kunitz (NYR) for Roughing (Minor) at 13:00, Vinny Prospal (NYR) for Hooking (Minor) at 15:38

3rd period

No Goal

Penalties :
Chris Kunitz (NYR) for Goalie Interference (Minor) at 1:55, Bryan Allen (NYR) for Goalie Interference (Minor) at 4:27, Bryan Allen (NYR) for Tripping (Minor) at 7:17, Francois Beauchemin (NYR) for Holding (Minor) at 10:59, Nikita Nikitin (NJD) for Hooking (Minor) at 15:46, Mike Weaver (NYR) for Roughing (Minor) at 19:10

Goalie Stats

Steve Mason (NJD), 23 saves from 24 shots - (0.958), L, 4-9-1, 59:12 minutes
Tomas Vokoun (NYR), 11 saves from 11 shots - (1.000), W, 13-4-0, 60:00 minutes

Players Stats for Devils

Player Name              G  A  P  +/- PIM S  H  SB GA TA FO     MP     PP MP  PK MP  
------------------------------------------------------------------------------------
Artem Anisimov           0  0  0   0  0   0  0  0  0  0  0/0    10:53   1:01   0:00 
Brad Stuart              0  0  0   0  2   1  3  2  0  0  0/0    23:32   9:49   3:04 
Eric Wellwood            0  0  0   0  0   1  0  0  0  0  0/0    16:25   0:00   0:00 
James van Riemsdyk       0  0  0   0  0   0  1  1  0  0  1/1    21:30   8:56   0:00 
Jordan Leopold           0  0  0   0  0   1  3  1  0  0  0/0    21:54   6:10   2:19 
Josh Bailey              0  0  0   0  0   1  2  0  0  0  1/1    18:45   9:57   1:52 
Lubomir Visnovsky        0  0  0   0  2   0  1  1  0  0  0/0    23:44   9:30   3:35 
Marcel Goc               0  0  0   0  0   1  0  1  0  0  7/20   21:00   9:57   4:07 
Mark Letestu             0  0  0   0  0   0  1  0  0  0  0/2    19:18   6:44   0:00 
Matt DAgostini           0  0  0   0  2   1  1  0  0  0  0/0     6:55   0:00   0:00 
Matthew Lombardi         0  0  0   0  0   1  0  0  0  0  2/2     7:58   0:00   1:25 
Nikita Nikitin           0  0  0   0  2   1  1  0  0  0  0/0    14:16   1:33   0:54 
Niklas Hjalmarsson       0  0  0   0  0   0  3  2  0  0  0/0    16:35   0:00   2:07 
Patrick Eaves            0  0  0   0  0   0  0  0  0  0  0/0     0:00   0:00   0:00 
Roman Hamrlik            0  0  0   0  0   1  2  0  0  0  0/0    19:56   6:20   2:49 
Tim Connolly             0  0  0   0  0   0  0  0  0  0  5/10   19:47   6:44   0:29 
Trevor Lewis             0  0  0   0  0   1  1  0  0  0  2/6    11:36   0:00   5:03 
Vladimir Sobotka         0  0  0   0  0   1  3  0  0  0  6/14   18:28   6:44   1:52 

Players Stats for Rangers

Player Name              G  A  P  +/- PIM S  H  SB GA TA FO     MP     PP MP  PK MP  
------------------------------------------------------------------------------------
Bryan Allen              0  0  0   0  4   1  1  1  0  0  0/0    17:45   0:37   5:01 
Carl Hagelin             0  0  0   0  0   3  0  0  0  0  1/1     8:59   0:42   0:15 
Chris Kunitz             0  0  0   0  6   1  0  0  0  0  0/0     7:59   0:00   0:00 
David Legwand            0  0  0   0  0   0  1  0  0  0  6/13   15:33   4:36   0:12 
David Perron             0  0  0   0  0   0  6  0  0  0  0/1    13:33   2:48   0:00 
Francois Beauchemin      0  1  1   0  2   0  0  1  0  0  0/0    23:27   2:16   8:29 
Frans Nielsen            0  0  0   0  0   2  0  0  0  0  6/8    14:03   0:00   6:01 
Ilya Kovalchuk           0  0  0   0  0   4  1  0  0  0  2/3    17:41   4:36   0:00 
Jim Slater               0  0  0   0  0   0  0  0  0  0  10/17  14:22   0:00  10:19 
Mike Weaver              1  0  1   0  2   2  1  0  0  0  0/0    20:29   2:55   7:54 
Radim Vrbata             0  0  0   0  2   3  1  0  0  0  0/0    17:41   4:31   0:00 
Rob Scuderi              0  0  0   0  0   0  0  1  0  0  0/0    16:36   0:00   3:09 
Sheldon Souray           0  0  0   0  0   2  0  0  0  0  0/0    17:12   4:36   1:33 
Stephane Robidas         0  0  0   0  0   2  0  0  0  0  0/0    24:27   4:24   7:16 
Travis Moen              0  0  0   0  0   1  0  1  0  0  0/2    14:22   0:00  10:19 
Tyler Ennis              0  1  1   0  0   2  0  0  0  0  6/10   15:16   2:11   0:00 
Vinny Prospal            0  0  0   0  2   1  1  0  0  0  0/0    13:41   2:48   0:09 
Zack Smith               0  0  0   0  0   0  2  0  0  0  1/1    10:04   0:00   6:07 

3 Stars

1 - Steve Mason (NJD)
2 - Tomas Vokoun (NYR)
3 - David Perron (NYR)

Power Play

Devils - 0 on 9 Attempt(s) - 0.00%
Rangers - 1 on 4 Attempt(s) - 25.00%

Penalty Kill

Devils - 3 on 4 Attempt(s) - 75.00% - Score 0 goal in Penalty Kill
Rangers - 9 on 9 Attempt(s) - 100.00% - Score 0 goal in Penalty Kill

Official

Referees : Dean Morton and Darcy Burchell
Linesman : Pierre Racicot and Bryan Pancich

Game Notes

No Game Note

Finance

Level 1 -- Attendance: 6283 (96.66%) -- Ticket Income $785,375
Level 2 -- Attendance: 4959 (99.18%) -- Ticket Income $371,925
Level 3 -- Attendance: 3500 (100.00%) -- Ticket Income $175,000
Level 4 -- Attendance: 2200 (100.00%) -- Ticket Income $55,000
Luxury Box -- Attendance: 952 (95.20%) -- Ticket Income $238,000
Game was played at the Madison Square Garden
Total Attendance: 17894 (98.32%)
Total Ticket Income: $1,625,300
Other Income: $243,795
Total Income: $1,869,095


% Time on Ice - Devils

Lines # - Real PCT - Wanted PCT - Time Play
Normal Forward
1 - 35% - 40% - 12:34
2 - 27% - 30% - 9:52
3 - 19% - 20% - 6:56
4 - 18% - 10% - 6:33
Normal Defense
1 - 29% - 40% - 10:21
2 - 40% - 30% - 14:28
3 - 30% - 20% - 10:47
4 - 1% - 10% - 0:19
PP Forward
1 - 60% - 60% - 9:57
2 - 40% - 40% - 6:44
PP Defense
1 - 62% - 60% - 10:21
2 - 38% - 40% - 6:20
PK Forward
1 - 75% - 60% - 5:32
2 - 25% - 40% - 1:52
PK Defense
1 - 69% - 60% - 5:05
2 - 31% - 40% - 2:19
PK3 Forward
1 - 0% - 60%
2 - 0% - 40%
PK3 Defense
1 - 0% - 60%
2 - 0% - 40%
44 Forward
1 - 0% - 60%
2 - 0% - 40%
44 Defense
1 - 0% - 60%
2 - 0% - 40%
Last Minute Offensive  - 0:00
Last Minute Defensive  - 0:00
Total
Forward - 60:00
Defense - 60:00

% Time on Ice - Rangers

Lines # - Real PCT - Wanted PCT - Time Play
Normal Forward
1 - 37% - 40% - 13:05
2 - 30% - 30% - 10:45
3 - 22% - 20% - 8:02
4 - 11% - 10% - 3:57
Normal Defense
1 - 32% - 40% - 11:34
2 - 30% - 30% - 10:50
3 - 35% - 20% - 12:22
4 - 3% - 10% - 1:03
PP Forward
1 - 62% - 60% - 4:36
2 - 38% - 40% - 2:48
PP Defense
1 - 69% - 60% - 5:08
2 - 31% - 40% - 2:16
PK Forward
1 - 64% - 60% - 10:40
2 - 36% - 40% - 6:01
PK Defense
1 - 56% - 60% - 9:25
2 - 44% - 40% - 7:16
PK3 Forward
1 - 0% - 60%
2 - 0% - 40%
PK3 Defense
1 - 0% - 60%
2 - 0% - 40%
44 Forward
1 - 0% - 60%
2 - 0% - 40%
44 Defense
1 - 0% - 60%
2 - 0% - 40%
Last Minute Offensive  - 0:00
Last Minute Defensive  - 0:06
Total
Forward - 60:00
Defense - 60:00

Play by Play

1st period


0:01 of 1st period - Ilya Kovalchuk wins face-off versus Tim Connolly in neutral zone.
0:03 of 1st period - Tyler Ennis is hit by Brad Stuart and loses puck.
0:54 of 1st period - Icing by Lubomir Visnovsky.
0:55 of 1st period - Tim Connolly wins face-off versus David Perron in Devils zone.
1:50 of 1st period - Shot by Carl Hagelin.
1:50 of 1st period - Stopped by Steve Mason with a rebound.
1:52 of 1st period - Shot by Frans Nielsen.
1:52 of 1st period - Stopped by Steve Mason with a rebound.
2:02 of 1st period - Shot by Carl Hagelin.
2:02 of 1st period - Shot Misses the Net.
2:07 of 1st period - Chris Kunitz is hit by Jordan Leopold.
2:13 of 1st period - Shot by Chris Kunitz.
2:13 of 1st period - Stopped by Steve Mason without a rebound.
2:14 of 1st period - Marcel Goc wins face-off versus Jim Slater in Devils zone.
2:19 of 1st period - Shot by Nikita Nikitin.
2:19 of 1st period - Stopped by Tomas Vokoun without a rebound.
2:20 of 1st period - Jim Slater wins face-off versus Marcel Goc in Rangers zone.
3:25 of 1st period - Minor Penalty to Lubomir Visnovsky for Holding.
3:26 of 1st period - David Legwand wins face-off versus Trevor Lewis in Devils zone.
3:28 of 1st period - Ilya Kovalchuk is hit by Brad Stuart and loses puck.
4:22 of 1st period - Nikita Nikitin is hit by Radim Vrbata and loses puck.
4:50 of 1st period - Shot by Tyler Ennis.
4:50 of 1st period - Shot Blocked by Jordan Leopold.
4:52 of 1st period - Shot by Mike Weaver.
4:52 of 1st period - Goal by Mike Weaver - Devils : 0 - Rangers : 1.
4:53 of 1st period - Frans Nielsen wins face-off versus Tim Connolly in neutral zone.
5:01 of 1st period - Frans Nielsen is hit by Niklas Hjalmarsson and loses puck.
5:11 of 1st period - Chris Kunitz is hit by Niklas Hjalmarsson and loses puck.
5:56 of 1st period - Mike Weaver is hit by Vladimir Sobotka and loses puck.
6:56 of 1st period - Shot by Lubomir Visnovsky.
6:56 of 1st period - Deflect By Josh Bailey.
6:56 of 1st period - Shot Misses the Net.
7:17 of 1st period - Minor Penalty to Matt DAgostini for High sticking.
7:18 of 1st period - Tyler Ennis wins face-off versus Trevor Lewis in Devils zone.
7:23 of 1st period - Shot by Tyler Ennis.
7:23 of 1st period - Stopped by Steve Mason with a rebound.
7:56 of 1st period - David Legwand is hit by Trevor Lewis and loses puck.
9:46 of 1st period - Shot by James van Riemsdyk.
9:46 of 1st period - Shot Blocked by Travis Moen.
10:42 of 1st period - Off-side.
10:43 of 1st period - Tyler Ennis wins face-off versus Marcel Goc in neutral zone.
10:59 of 1st period - Minor Penalty to Radim Vrbata for Slashing.
11:00 of 1st period - Jim Slater wins face-off versus Marcel Goc in Rangers zone.
11:00 of 1st period - Jim Slater is hit by Josh Bailey.
11:08 of 1st period - Shot by Travis Moen.
11:08 of 1st period - Deflect By Jim Slater.
11:08 of 1st period - Shot Blocked by James van Riemsdyk.
11:11 of 1st period - Icing by Marcel Goc.
11:12 of 1st period - Marcel Goc wins face-off versus Travis Moen in Devils zone.
12:16 of 1st period - Shot by Vladimir Sobotka.
12:16 of 1st period - Shot Misses the Net.
12:22 of 1st period - Shot by Mark Letestu.
12:22 of 1st period - Shot Misses the Net.
12:38 of 1st period - Zack Smith is hit by Josh Bailey and loses puck.
14:20 of 1st period - Ilya Kovalchuk is hit by Roman Hamrlik and loses puck.
14:26 of 1st period - Minor Penalty to Chris Kunitz for Roughing.
14:27 of 1st period - Jim Slater wins face-off versus Marcel Goc in Rangers zone.
15:40 of 1st period - Icing by Jordan Leopold.
15:41 of 1st period - Vladimir Sobotka wins face-off versus Jim Slater in Devils zone.
16:20 of 1st period - Shot by Frans Nielsen.
16:20 of 1st period - Stopped by Steve Mason with a rebound.
16:32 of 1st period - Shot by Radim Vrbata.
16:32 of 1st period - Shot Misses the Net.
16:54 of 1st period - Shot by Matthew Lombardi.
16:54 of 1st period - Stopped by Tomas Vokoun with a rebound.
16:59 of 1st period - Icing by Rob Scuderi.
17:00 of 1st period - Tyler Ennis wins face-off versus Marcel Goc in Rangers zone.
17:09 of 1st period - Shot by Ilya Kovalchuk.
17:09 of 1st period - Stopped by Steve Mason with a rebound.
17:11 of 1st period - Shot by Ilya Kovalchuk.
17:11 of 1st period - Shot Misses the Net.
17:13 of 1st period - Shot by Sheldon Souray.
17:13 of 1st period - Stopped by Steve Mason without a rebound.
17:14 of 1st period - Marcel Goc wins face-off versus David Legwand in Devils zone.
17:14 of 1st period - Marcel Goc is hit by David Perron.
17:30 of 1st period - Marcel Goc is hit by Vinny Prospal and loses puck.
17:40 of 1st period - David Legwand is hit by Jordan Leopold and loses puck.
17:57 of 1st period - Niklas Hjalmarsson is hit by David Perron and loses puck.
18:28 of 1st period - Icing by Sheldon Souray.
18:29 of 1st period - Frans Nielsen wins face-off versus Tim Connolly in Rangers zone.
18:45 of 1st period - Minor Penalty to Brad Stuart for Slashing.
18:46 of 1st period - David Legwand wins face-off versus Trevor Lewis in Devils zone.
18:53 of 1st period - Shot by Sheldon Souray.
18:53 of 1st period - Shot Misses the Net.
18:55 of 1st period - Shot by David Legwand.
18:55 of 1st period - Shot Hit the Post.
19:05 of 1st period - Shot by Stephane Robidas.
19:05 of 1st period - Stopped by Steve Mason with a rebound.
19:38 of 1st period - Nikita Nikitin is hit by David Legwand and loses puck.

2nd period


0:01 of 2nd period - David Legwand wins face-off versus Trevor Lewis in neutral zone.
0:06 of 2nd period - Shot by Sheldon Souray.
0:06 of 2nd period - Stopped by Steve Mason without a rebound.
0:07 of 2nd period - Trevor Lewis wins face-off versus David Legwand in Devils zone.
0:12 of 2nd period - Shot by Radim Vrbata.
0:12 of 2nd period - Shot Misses the Net.
0:14 of 2nd period - Shot by Radim Vrbata.
0:14 of 2nd period - Shot Misses the Net.
0:24 of 2nd period - Shot by Ilya Kovalchuk.
0:24 of 2nd period - Shot Misses the Net.
0:26 of 2nd period - Shot by Sheldon Souray.
0:26 of 2nd period - Shot Misses the Net.
0:29 of 2nd period - Radim Vrbata is hit by Lubomir Visnovsky and loses puck.
0:40 of 2nd period - Shot by Ilya Kovalchuk.
0:40 of 2nd period - Stopped by Steve Mason without a rebound.
0:41 of 2nd period - Tyler Ennis wins face-off versus Vladimir Sobotka in Devils zone.
1:05 of 2nd period - Icing by Roman Hamrlik.
1:06 of 2nd period - Ilya Kovalchuk wins face-off versus Tim Connolly in Devils zone.
1:06 of 2nd period - Francois Beauchemin is hit by Roman Hamrlik and loses puck.
1:12 of 2nd period - Icing by Nikita Nikitin.
1:13 of 2nd period - Tim Connolly wins face-off versus Tyler Ennis in Devils zone.
1:45 of 2nd period - Shot by Tyler Ennis.
1:45 of 2nd period - Shot Misses the Net.
2:51 of 2nd period - Shot by Vladimir Sobotka.
2:51 of 2nd period - Stopped by Tomas Vokoun without a rebound.
2:52 of 2nd period - Frans Nielsen wins face-off versus Marcel Goc in Rangers zone.
3:47 of 2nd period - David Legwand is hit by Niklas Hjalmarsson and loses puck.
4:39 of 2nd period - Lubomir Visnovsky is hit by Zack Smith.
5:15 of 2nd period - Icing by Stephane Robidas.
5:16 of 2nd period - Jim Slater wins face-off versus Tim Connolly in Rangers zone.
5:16 of 2nd period - Jim Slater is hit by Mark Letestu.
5:48 of 2nd period - Roman Hamrlik is hit by Zack Smith and loses puck.
5:52 of 2nd period - Icing by Roman Hamrlik.
5:53 of 2nd period - Tyler Ennis wins face-off versus Mark Letestu in Devils zone.
5:56 of 2nd period - Shot by Ilya Kovalchuk.
5:56 of 2nd period - Shot Misses the Net.
6:12 of 2nd period - Eric Wellwood is hit by Ilya Kovalchuk and loses puck.
6:27 of 2nd period - Shot by Ilya Kovalchuk.
6:27 of 2nd period - Shot Hit the Post.
7:21 of 2nd period - Shot by Marcel Goc.
7:21 of 2nd period - Shot Blocked by Bryan Allen.
7:27 of 2nd period - Shot by Matt DAgostini.
7:27 of 2nd period - Stopped by Tomas Vokoun without a rebound.
7:28 of 2nd period - Tim Connolly wins face-off versus Frans Nielsen in Rangers zone.
7:56 of 2nd period - Icing by Nikita Nikitin.
7:57 of 2nd period - Tim Connolly wins face-off versus David Legwand in Devils zone.
8:59 of 2nd period - Icing by Brad Stuart.
9:00 of 2nd period - Carl Hagelin wins face-off versus Vladimir Sobotka in Devils zone.
9:01 of 2nd period - Shot by Chris Kunitz.
9:01 of 2nd period - Shot Misses the Net.
10:06 of 2nd period - Shot by Ilya Kovalchuk.
10:06 of 2nd period - Stopped by Steve Mason without a rebound.
10:07 of 2nd period - David Legwand wins face-off versus Marcel Goc in Devils zone.
10:07 of 2nd period - Bryan Allen is hit by Jordan Leopold and loses puck.
10:26 of 2nd period - David Perron is hit by Matt DAgostini and loses puck.
11:23 of 2nd period - Shot by James van Riemsdyk.
11:23 of 2nd period - Shot Misses the Net.
13:00 of 2nd period - Minor Penalty to Chris Kunitz for Roughing.
13:01 of 2nd period - Marcel Goc wins face-off versus Jim Slater in Rangers zone.
14:30 of 2nd period - Off-side.
14:31 of 2nd period - Frans Nielsen wins face-off versus Vladimir Sobotka in neutral zone.
15:05 of 2nd period - Shot by Ilya Kovalchuk.
15:05 of 2nd period - Shot Blocked by Niklas Hjalmarsson.
15:12 of 2nd period - Icing by Eric Wellwood.
15:13 of 2nd period - Matthew Lombardi wins face-off versus David Legwand in Devils zone.
15:13 of 2nd period - Matthew Lombardi is hit by David Perron.
15:23 of 2nd period - Shot by David Legwand.
15:23 of 2nd period - Shot Misses the Net.
15:25 of 2nd period - Shot by Bryan Allen.
15:25 of 2nd period - Stopped by Steve Mason with a rebound.
15:27 of 2nd period - Shot by David Perron.
15:27 of 2nd period - Shot Blocked by Niklas Hjalmarsson.
15:38 of 2nd period - Minor Penalty to Vinny Prospal for Hooking.
15:39 of 2nd period - Marcel Goc wins face-off versus Jim Slater in Rangers zone.
16:30 of 2nd period - Travis Moen is hit by Vladimir Sobotka and loses puck.
17:33 of 2nd period - Shot by Marcel Goc.
17:33 of 2nd period - Shot Misses the Net.
17:53 of 2nd period - Shot by Radim Vrbata.
17:53 of 2nd period - Stopped by Steve Mason without a rebound.
17:54 of 2nd period - David Legwand wins face-off versus Vladimir Sobotka in Devils zone.
18:50 of 2nd period - Shot by Tyler Ennis.
18:50 of 2nd period - Stopped by Steve Mason without a rebound.
18:51 of 2nd period - Tim Connolly wins face-off versus Tyler Ennis in Devils zone.
19:32 of 2nd period - Shot by Rob Scuderi.
19:32 of 2nd period - Shot Blocked by Lubomir Visnovsky.
19:34 of 2nd period - Shot by Rob Scuderi.
19:34 of 2nd period - Shot Blocked by Brad Stuart.

3rd period


0:01 of 3rd period - Tyler Ennis wins face-off versus Mark Letestu in neutral zone.
0:12 of 3rd period - Shot by Ilya Kovalchuk.
0:12 of 3rd period - Shot Misses the Net.
0:18 of 3rd period - Shot by Radim Vrbata.
0:18 of 3rd period - Stopped by Steve Mason with a rebound.
1:00 of 3rd period - Icing by Sheldon Souray.
1:01 of 3rd period - Vladimir Sobotka wins face-off versus David Legwand in Rangers zone.
1:14 of 3rd period - Shot by Artem Anisimov.
1:14 of 3rd period - Shot Misses the Net.
1:55 of 3rd period - Minor Penalty to Chris Kunitz for Goalie Interference.
1:56 of 3rd period - Jim Slater wins face-off versus Marcel Goc in Rangers zone.
2:11 of 3rd period - Travis Moen is hit by James van Riemsdyk and loses puck.
2:23 of 3rd period - Icing by Brad Stuart.
2:24 of 3rd period - Jim Slater wins face-off versus Marcel Goc in Devils zone.
4:06 of 3rd period - Shot by Ilya Kovalchuk.
4:06 of 3rd period - Stopped by Steve Mason with a rebound.
4:27 of 3rd period - Minor Penalty to Bryan Allen for Goalie Interference.
4:28 of 3rd period - Marcel Goc wins face-off versus Jim Slater in Rangers zone.
5:16 of 3rd period - Shot by Travis Moen.
5:16 of 3rd period - Stopped by Steve Mason without a rebound.
5:17 of 3rd period - Jim Slater wins face-off versus Vladimir Sobotka in Devils zone.
6:36 of 3rd period - Shot by Trevor Lewis.
6:36 of 3rd period - Shot Misses the Net.
7:02 of 3rd period - Shot by Eric Wellwood.
7:02 of 3rd period - Stopped by Tomas Vokoun with a rebound.
7:17 of 3rd period - Minor Penalty to Bryan Allen for Tripping.
7:18 of 3rd period - Jim Slater wins face-off versus Vladimir Sobotka in Rangers zone.
7:58 of 3rd period - Shot by James van Riemsdyk.
7:58 of 3rd period - Shot Misses the Net.
8:00 of 3rd period - Shot by Roman Hamrlik.
8:00 of 3rd period - Stopped by Tomas Vokoun without a rebound.
8:01 of 3rd period - Josh Bailey wins face-off versus Frans Nielsen in Rangers zone.
8:06 of 3rd period - Shot by Marcel Goc.
8:06 of 3rd period - Stopped by Tomas Vokoun with a rebound.
8:08 of 3rd period - Shot by Roman Hamrlik.
8:08 of 3rd period - Shot Misses the Net.
8:10 of 3rd period - Shot by Jordan Leopold.
8:10 of 3rd period - Stopped by Tomas Vokoun without a rebound.
8:11 of 3rd period - Frans Nielsen wins face-off versus Marcel Goc in Rangers zone.
9:55 of 3rd period - Shot by Trevor Lewis.
9:55 of 3rd period - Stopped by Tomas Vokoun without a rebound.
9:56 of 3rd period - David Legwand wins face-off versus Vladimir Sobotka in Rangers zone.
10:41 of 3rd period - Jordan Leopold is hit by David Perron and loses puck.
10:59 of 3rd period - Minor Penalty to Francois Beauchemin for Holding.
11:00 of 3rd period - James van Riemsdyk wins face-off versus Jim Slater in Rangers zone.
11:26 of 3rd period - Shot by Brad Stuart.
11:26 of 3rd period - Stopped by Tomas Vokoun without a rebound.
11:27 of 3rd period - Jim Slater wins face-off versus Vladimir Sobotka in Rangers zone.
11:33 of 3rd period - Icing by Tim Connolly.
11:34 of 3rd period - Vladimir Sobotka wins face-off versus Travis Moen in Devils zone.
12:07 of 3rd period - Stephane Robidas is hit by Vladimir Sobotka and loses puck.
12:26 of 3rd period - Shot by Lubomir Visnovsky.
12:26 of 3rd period - Deflect By James van Riemsdyk.
12:26 of 3rd period - Shot Misses the Net.
12:28 of 3rd period - Shot by Josh Bailey.
12:28 of 3rd period - Stopped by Tomas Vokoun without a rebound.
12:29 of 3rd period - Zack Smith wins face-off versus Marcel Goc in Rangers zone.
12:45 of 3rd period - Icing by Brad Stuart.
12:46 of 3rd period - Jim Slater wins face-off versus Marcel Goc in Devils zone.
13:05 of 3rd period - Off-side.
13:06 of 3rd period - Matthew Lombardi wins face-off versus Tyler Ennis in neutral zone.
13:54 of 3rd period - Ilya Kovalchuk is hit by Brad Stuart and loses puck.
14:25 of 3rd period - Brad Stuart is hit by David Perron and loses puck.
14:40 of 3rd period - Shot by Vinny Prospal.
14:40 of 3rd period - Stopped by Steve Mason without a rebound.
14:41 of 3rd period - Frans Nielsen wins face-off versus Marcel Goc in Devils zone.
14:44 of 3rd period - Shot by Carl Hagelin.
14:44 of 3rd period - Stopped by Steve Mason with a rebound.
14:46 of 3rd period - Shot by Rob Scuderi.
14:46 of 3rd period - Shot Misses the Net.
15:02 of 3rd period - Shot by Carl Hagelin.
15:02 of 3rd period - Stopped by Steve Mason without a rebound.
15:03 of 3rd period - Vladimir Sobotka wins face-off versus David Legwand in Devils zone.
15:15 of 3rd period - David Legwand is hit by Nikita Nikitin and loses puck.
15:46 of 3rd period - Minor Penalty to Nikita Nikitin for Hooking.
15:47 of 3rd period - Trevor Lewis wins face-off versus Ilya Kovalchuk in Devils zone.
16:06 of 3rd period - Shot by Radim Vrbata.
16:06 of 3rd period - Stopped by Steve Mason with a rebound.
16:18 of 3rd period - Shot by Ilya Kovalchuk.
16:18 of 3rd period - Shot Blocked by Marcel Goc.
16:42 of 3rd period - Shot by Mike Weaver.
16:42 of 3rd period - Stopped by Steve Mason without a rebound.
16:43 of 3rd period - Vladimir Sobotka wins face-off versus Tyler Ennis in Devils zone.
16:43 of 3rd period - Vladimir Sobotka is hit by David Perron.
17:09 of 3rd period - Shot by David Perron.
17:09 of 3rd period - Shot Blocked by Brad Stuart.
17:11 of 3rd period - Shot by Mike Weaver.
17:11 of 3rd period - Shot Misses the Net.
17:33 of 3rd period - Shot by Stephane Robidas.
17:33 of 3rd period - Stopped by Steve Mason without a rebound.
17:34 of 3rd period - Vladimir Sobotka wins face-off versus David Legwand in Devils zone.
17:56 of 3rd period - Shot by Mark Letestu.
17:56 of 3rd period - Shot Blocked by Rob Scuderi.
18:03 of 3rd period - Mark Letestu is hit by Bryan Allen and loses puck.
18:14 of 3rd period - Shot by Carl Hagelin.
18:14 of 3rd period - Shot Misses the Net.
19:09 of 3rd period - Roman Hamrlik is hit by Mike Weaver and loses puck.
19:10 of 3rd period - Minor Penalty to Mike Weaver for Roughing.
19:11 of 3rd period - Marcel Goc wins face-off versus Jim Slater in Rangers zone.
19:12 of 3rd period - Devils, Steve Mason is pulled from the net.
19:35 of 3rd period - Shot by Brad Stuart.
19:35 of 3rd period - Shot Blocked by Francois Beauchemin.


Output by the SimonT Hockey Simulator (STHS) for Stephane Roy -- Original Page W3C XHTML 1.0 Valid
Hockey Simulator - Hockey Simulation - Hockey Manager